 Dungeon Crawl Stone Soup version 0.27.1-33-g824d729ab1 (webtiles) character file.

Game seed: 17443378131891431406

63 Sharkman1231 the Stinger (level 3, 0/27 HPs)
             Began as a Demonspawn Wanderer on Dec 26, 2021.
             Slain by a gnoll (2 damage)
             ... on level 2 of the Dungeon.
             The game lasted 00:01:36 (1635 turns).

Sharkman1231 the Stinger (Demonspawn Wanderer)      Turns: 1635, Time: 00:01:37

Health: 0/27       AC:  6    Str: 13    XL:     3   Next: 87%
Magic:  3/3        EV: 10    Int: 12    God:
Gold:   85         SH:  0    Dex: 13    Spells: 2/2 levels left

rFire    . . .     SeeInvis .   a - +0 dagger (venom)
rCold    . . .     Faith    .   (no shield)
rNeg     . . .     Spirit   .   f - +0 ring mail
rPois    .         Reflect  .   (helmet restricted)
rElec    .         Harm     .   (no cloak)
rCorr    .         Rampage  .   (no gloves)
Will     .....                  d - +0 pair of boots
Stlth    +.........             (no amulet)
HPRegen  0.09/turn              (no ring)
MPRegen  0.08/turn              (no ring)

@: no status effects
A: horns 1, demonic guardian 1
a: no special abilities


You were on level 2 of the Dungeon.
You visited 1 branch of the dungeon, and saw 2 of its levels.

You collected 85 gold pieces.

Inventory:

Hand Weapons
 a - a +0 dagger of venom (weapon)
 c - a +0 dagger
Armour
 b - a +0 robe
 d - a +0 pair of boots (worn)
 f - a +0 ring mail (worn)
 g - a +0 crystal plate armour
Scrolls
 e - 2 scrolls of teleportation {unknown}
 h - a scroll of identify {unknown}
Potions
 i - a potion of lignification {unknown}
 j - a potion of resistance {unknown}


   Skills:
 + Level 2.0 Fighting
 * Level 2.1 Short Blades
 - Level 1.7 Crossbows
 - Level 1.7 Throwing
 + Level 1.3 Dodging
 - Level 1.7 Earth Magic
 - Level 3.0 Poison Magic


You had 2 spell levels left.
You didn't know any spells.
Your spell library contained the following spells:

 Spells                   Type           Power      Damage    Failure   Level
 Sandblast                Erth           8%         2d5       34%         1
 Sting                    Tmut/Pois      12%        1d3       36%         1
 Poisonous Vapours        Pois/Air       6%         N/A       52%         2
 Foxfire                  Conj/Fire      0%         2x1d4     58%         1
 Ignite Poison            Fire/Tmut/Pois 2%         N/A       82%         3
 Mephitic Cloud           Conj/Pois/Air  2%         N/A       82%         3
 Stone Arrow              Conj/Erth      4%         3d7       83%         3
 Olgreb's Toxic Radiance  Pois           7%         N/A       91%         4


Dungeon Overview and Level Annotations

Branches:
Dungeon (2/15)

Altars:


Innate Abilities, Weirdness & Mutations

You have a pair of small horns on your head.
A weak demonic guardian rushes to your aid.


Message History

A gnoll comes into view. It is wielding a +0 halberd.
You hit the worm.
The worm is lightly wounded.
The worm barely misses you.
You hit the worm but do no damage. You hit the worm but do no damage.
The worm is poisoned.
You headbutt the worm.
The worm is moderately wounded.
The worm bites you.
The gnoll hits you from afar with a +0 spear.
The kobold hits you but does no damage.
You hit the worm.
The worm looks as sick as possible!
Your headbutt misses the worm.
The worm is moderately wounded.
The gnoll closely misses you.
The gnoll hits you from afar with a +0 spear.
A demonic guardian appears!
The kobold closely misses you. The worm closely misses you.
Unknown command.
Found a stone staircase leading down.
The gnoll closely misses you.
Your quasit bites the kobold.
Your quasit barely misses the kobold.
Your quasit claws the kobold but does no damage.
The kobold completely misses your quasit.
Your quasit misses the kobold.
Your quasit claws the kobold.
Your quasit completely misses the kobold.
The gnoll hits you with a +0 halberd.
* * * LOW HITPOINT WARNING * * *
The kobold barely misses your quasit.
Your quasit bites the kobold.
The kobold dies!
You kill the worm!
The gnoll hits you from afar with a +0 halberd.
* * * LOW HITPOINT WARNING * * *
Your quasit bites the gnoll.
Your quasit claws the gnoll but does no damage.
Your quasit closely misses the gnoll.
Your quasit barely misses the kobold.
Your quasit misses the kobold.
Your quasit closely misses the kobold.
There is a stone staircase leading down here.
The gnoll hits you from afar with a +0 spear.
You die...

##.#.........#.>####........
...............#####.)......
.............#####..(.......
.....(..(....# #.5#........
.............####K#J........
..............##..#g.#.....#
..............##g#g....#....
..##..........##>...........
.......###..#.##@...........
.......## #.# #........._...
......(.###.# #...........
............# ..........
........###.............
........# ...#........
................#...^...
................ ......#
............


You could see 3 gnolls, an endoplasm, a kobold and a friendly quasit (summoned).

Vanquished Creatures
  A worm (D:2)
  A dart slug (D:1)
  6 bats (D:1)
  5 endoplasms
  2 giant cockroaches (D:1)
  5 goblins
  3 hobgoblins
  2 quokkas (D:1)
  2 ball pythons
  5 frilled lizards
  3 kobolds (D:1)
  3 rats (D:1)
38 creatures vanquished.

Vanquished Creatures (collateral kills)
  2 adders (D:2)
  A goblin (D:2)
  2 kobolds (D:2)
5 creatures vanquished.

Grand Total: 43 creatures vanquished

Notes
Turn   | Place    | Note
-------+----------+-------------------------------------------
     0 | D:1      | Sharkman1231 the Demonspawn Wanderer began the quest for
                  | the Orb.
     0 | D:1      | Sharkman1231 set off with the following items: a +0 dagger,
                  | a +0 robe; and the following spells available to memorise:
                  | Sandblast, Sting, Poisonous Vapours, Foxfire, Ignite
                  | Poison, Mephitic Cloud, Stone Arrow, Olgreb's Toxic
                  | Radiance
     0 | D:1      | Reached XP level 1. HP: 15/15 MP: 1/1
   409 | D:1      | Gained mutation: A weak demonic guardian rushes to your
                  | aid. [demonic ancestry]
   409 | D:1      | Reached XP level 2. HP: 21/21 MP: 2/2
   428 | D:1      | Reached skill level 1 in Short Blades
   921 | D:1      | Reached skill level 1 in Dodging
   960 | D:1      | Gained mutation: You have a pair of small horns on your
                  | head. [demonic ancestry]
   960 | D:1      | Reached XP level 3. HP: 21/26 MP: 3/3
  1621 | D:2      | Found a faded altar of an unknown god.
  1635 | D:2      | Slain by a gnoll

Illustrated notes

Levels and vault maps discovered:
D:1:      minmay_arrival_floating_metal, layout_loops_ring
D:2:      layout_rooms, basic_altar, basic_ecumenical_altar, minmay_tetromino_o2

Skill      XL: |  1  2  3 |
---------------+----------+-----
Short Blades   | 1 2 |  2.1
Dodging        | 1 |  1.3
Fighting       | 2 |  2.0
Crossbows      | |  1.7
Throwing       | |  1.7
Earth Magic    | |  1.7
Poison Magic   | |  3.0

Action                   || total
-------------------------++-------
Melee: Dagger            ||   116
       Headbutt          ||     6
  Use: Potion            ||     1
Armor: Ring mail         ||    47
       Robe              ||     3
Dodge: Dodged            ||    59
